General information
- name: BNet
- type: Ladder team game (AT/RT)
- host: Battle.net
- saver: MsClausPlusNine
map: Dragonblight
- players: 6
- length: 31:10
- speed: Fast
- version: 1.26 W3XP
- replay type:

» download(253 KB)
Players
team 1 (loser)
Judenhack (
orange | 83 APM | 2563 actions | 30:53)
5 Archmage
3 Summon Water Elemental
2 Brilliance Aura
1 Naga Sea Witch
1 Frost Arrows
» actions
| Assign group hotkey | 55 | |
| Basic commands | 148 | |
| Build / train | 111 | |
| Enter build submenu | 27 | |
| Enter hero's abilities submenu | 6 | |
| Remove unit from queue | 9 | |
| Right click | 828 | |
| Select / deselect | 505 | |
| Select group hotkey | 793 | |
| Use ability | 81 | |
2563 total
» units
| Peasant | 20 | |
| Footman | 7 | |
| Dragonhawk Rider | 6 | |
| Knight | 8 | |
| Siege Engine | 11 | |
52 total
» upgrades
| Swords | 3 | |
| Lumber Harvesting | 1 | |
| Cloud | 1 | |
| Storm Hammers | 1 | |
| Armor | 1 | |
| Plating | 1 | |
| Gunpowder | 3 | |
| Barrage | 1 | |
12 total
» buildings
| Altar of Kings | 1 | |
| Barracks | 1 | |
| Farm | 12 | |
| Scout Tower | 1 | |
| Arcane Tower | 2 | |
| Arcane Vault | 1 | |
| Keep | 2 | |
| Blacksmith | 1 | |
| Lumber Mill | 1 | |
| Castle | 1 | |
| Gryphon Aviary | 2 | |
| Town Hall | 1 | |
| Workshop | 2 | |
28 total
» build order
00:10 Altar of Kings
00:14 Barracks
00:19 Farm
00:56 Farm
01:41 Farm
02:01 Scout Tower
02:32 Arcane Tower
02:33 Arcane Tower
02:40 Arcane Vault
03:36 Keep
03:36 Keep
03:42 Farm
04:05 Blacksmith
04:47 Farm
05:48 Lumber Mill
05:59 Castle
06:05 Farm
07:18 Gryphon Aviary
07:29 Gryphon Aviary
08:49 Farm
09:29 Farm
10:45 Farm
10:46 Farm
17:12 Town Hall
17:20 Farm
20:58 Farm
22:09 Workshop
22:12 Workshop
» items
| Potion of Healing | 1 | |
| Scroll of Regeneration | 1 | |
2 total
KevinGroskreutz (
yellow | 72 APM | 2230 actions | 31:09)
4 Mountain King
2 Storm Bolt
2 Bash
» actions
| Assign group hotkey | 50 | |
| Basic commands | 140 | |
| Build / train | 81 | |
| ESC pressed | 1 | |
| Enter build submenu | 29 | |
| Enter hero's abilities submenu | 4 | |
| Remove unit from queue | 7 | |
| Right click | 813 | |
| Select / deselect | 508 | |
| Select group hotkey | 516 | |
| Use ability | 81 | |
2230 total
» units
| Peasant | 23 | |
| Footman | 6 | |
| Sorceress | 1 | |
| Priest | 3 | |
| Knight | 2 | |
| Mortar Team | 8 | |
| Blue Drake | 1 | |
| Siege Engine | 4 | |
48 total
» upgrades
| Gunpowder | 3 | |
| Lumber Harvesting | 2 | |
| Priest Training | 2 | |
| Fragmentation Shards | 1 | |
| Flare | 1 | |
| Animal War Training | 1 | |
| Barrage | 1 | |
11 total
» buildings
| Altar of Kings | 2 | |
| Farm | 11 | |
| Barracks | 1 | |
| Lumber Mill | 2 | |
| Scout Tower | 1 | |
| Arcane Tower | 1 | |
| Arcane Vault | 1 | |
| Blacksmith | 1 | |
| Keep | 1 | |
| Arcane Sanctum | 2 | |
| Castle | 1 | |
| Town Hall | 1 | |
| Workshop | 3 | |
28 total
» build order
00:10 Altar of Kings
00:20 Altar of Kings
00:24 Farm
00:33 Barracks
00:54 Farm
01:41 Lumber Mill
01:49 Scout Tower
02:07 Farm
02:18 Arcane Tower
02:51 Arcane Vault
03:10 Blacksmith
03:59 Farm
04:02 Keep
06:27 Arcane Sanctum
06:31 Arcane Sanctum
06:34 Castle
08:47 Town Hall
08:56 Workshop
09:23 Lumber Mill
09:35 Farm
10:16 Farm
11:21 Workshop
12:11 Workshop
14:07 Farm
14:11 Farm
16:11 Farm
17:46 Farm
18:15 Farm
» items
| Scroll of Regeneration | 2 | |
| Lesser Clarity Potion | 3 | |
| Boots of Speed | 1 | |
| Scroll of Town Portal | 1 | |
7 total
opfalan (
blue | 86 APM | 2662 actions | 30:50)
4 Firelord
2 Summon Lava Spawn
2 Soul Burn
2 Dark Ranger
1 Black Arrow
1 Life Drain
» actions
| Assign group hotkey | 71 | |
| Basic commands | 307 | |
| Build / train | 104 | |
| ESC pressed | 11 | |
| Enter build submenu | 20 | |
| Enter hero's abilities submenu | 6 | |
| Remove unit from queue | 4 | |
| Right click | 724 | |
| Select / deselect | 526 | |
| Select group hotkey | 799 | |
| Use ability | 90 | |
2662 total
» units
| Wisp | 35 | |
| Archer | 12 | |
| Dryad | 4 | |
| Druid of the Claw | 9 | |
| Druid of the Talon | -2 | |
| Hippogryph | 11 | |
69 total
» upgrades
| Abolish Magic | 1 | |
| Druid of the Claw Training | 2 | |
| Reinforced Hides | 2 | |
| Strength of the Wild | 3 | |
| Mark of the Claw | 1 | |
9 total
» buildings
| Altar of Elders | 1 | |
| Moon Well | 8 | |
| Ancient of War | 1 | |
| Tree of Ages | 2 | |
| Hunter's Hall | 1 | |
| Ancient of Lore | 2 | |
| Tree of Eternity | 1 | |
| Tree of Life | 3 | |
| Ancient of Wind | 2 | |
21 total
» build order
00:09 Altar of Elders
00:34 Moon Well
00:48 Ancient of War
01:36 Moon Well
02:46 Tree of Ages
02:47 Tree of Ages
03:24 Moon Well
04:06 Hunter's Hall
05:16 Ancient of Lore
05:16 Ancient of Lore
07:33 Moon Well
07:37 Tree of Eternity
10:49 Moon Well
11:40 Moon Well
14:04 Tree of Life
14:32 Moon Well
15:55 Tree of Life
20:55 Ancient of Wind
20:55 Ancient of Wind
23:16 Moon Well
26:30 Tree of Life
» items
| Scroll of Regeneration | 3 | |
| Lesser Clarity Potion | 4 | |
7 total
team 2 (winner)
iggyhailsthee (
purple | 112 APM | 3501 actions | 31:10)
3 Mountain King
2 Storm Bolt
1 Bash
3 Paladin
2 Holy Light
1 Divine Shield
2 Archmage
1 Blizzard
1 Brilliance Aura
» actions
| Assign group hotkey | 374 | |
| Basic commands | 32 | |
| Build / train | 113 | |
| Enter build submenu | 81 | |
| Enter hero's abilities submenu | 8 | |
| Give item / drop item | 4 | |
| Right click | 1538 | |
| Select / deselect | 359 | |
| Select group hotkey | 801 | |
| Use ability | 191 | |
3501 total
» units
» upgrades
| Masonry | 3 | |
| Lumber Harvesting | 2 | |
| Magic Sentry | 1 | |
6 total
» buildings
| Altar of Kings | 1 | |
| Farm | 9 | |
| Lumber Mill | 1 | |
| Scout Tower | 71 | |
| Arcane Tower | 6 | |
| Guard Tower | 51 | |
| Keep | 1 | |
| Arcane Vault | 2 | |
| Castle | 1 | |
| Arcane Sanctum | 1 | |
144 total
» build order
00:08 Altar of Kings
00:21 Farm
00:37 Lumber Mill
01:00 Farm
01:11 Scout Tower
01:34 Farm
01:39 Scout Tower
01:42 Scout Tower
01:53 Arcane Tower
02:07 Arcane Tower
02:12 Scout Tower
02:28 Scout Tower
02:29 Guard Tower
02:40 Scout Tower
02:41 Guard Tower
02:44 Guard Tower
02:44 Guard Tower
02:44 Guard Tower
02:59 Guard Tower
03:01 Scout Tower
03:03 Scout Tower
03:41 Scout Tower
03:41 Guard Tower
03:42 Guard Tower
03:43 Scout Tower
03:44 Scout Tower
03:59 Scout Tower
04:18 Guard Tower
04:32 Guard Tower
04:41 Keep
04:43 Scout Tower
04:43 Guard Tower
04:47 Scout Tower
04:48 Arcane Tower
04:52 Scout Tower
04:55 Arcane Vault
05:02 Scout Tower
05:12 Arcane Vault
05:19 Guard Tower
05:22 Scout Tower
05:23 Scout Tower
05:27 Arcane Tower
05:28 Scout Tower
05:35 Arcane Tower
05:41 Scout Tower
05:50 Guard Tower
05:52 Guard Tower
06:10 Guard Tower
06:11 Guard Tower
06:13 Scout Tower
06:22 Guard Tower
06:27 Scout Tower
06:29 Scout Tower
06:30 Scout Tower
06:46 Guard Tower
06:50 Scout Tower
06:52 Scout Tower
06:59 Farm
07:11 Castle
07:36 Guard Tower
07:37 Guard Tower
07:51 Arcane Sanctum
08:07 Guard Tower
08:10 Scout Tower
08:49 Guard Tower
08:51 Scout Tower
08:59 Scout Tower
09:00 Scout Tower
09:02 Scout Tower
09:03 Scout Tower
09:20 Guard Tower
09:23 Scout Tower
09:24 Scout Tower
09:37 Guard Tower
09:40 Scout Tower
10:10 Guard Tower
10:12 Scout Tower
11:04 Arcane Tower
11:05 Guard Tower
11:21 Guard Tower
11:41 Guard Tower
11:45 Scout Tower
12:53 Guard Tower
12:58 Scout Tower
13:02 Guard Tower
13:04 Scout Tower
13:05 Scout Tower
13:30 Guard Tower
14:24 Guard Tower
14:28 Scout Tower
15:03 Guard Tower
15:06 Scout Tower
15:07 Scout Tower
15:32 Scout Tower
15:32 Scout Tower
15:33 Scout Tower
15:47 Guard Tower
16:03 Farm
16:16 Guard Tower
16:32 Farm
17:22 Guard Tower
17:55 Scout Tower
17:57 Scout Tower
17:58 Scout Tower
17:59 Scout Tower
18:54 Farm
19:42 Guard Tower
20:06 Farm
20:07 Farm
20:10 Scout Tower
20:11 Scout Tower
20:12 Scout Tower
20:29 Guard Tower
20:31 Scout Tower
20:31 Scout Tower
20:33 Scout Tower
20:34 Scout Tower
22:24 Scout Tower
22:28 Scout Tower
22:30 Scout Tower
22:33 Guard Tower
22:43 Scout Tower
22:51 Guard Tower
22:53 Scout Tower
22:55 Scout Tower
22:56 Scout Tower
23:38 Guard Tower
23:48 Guard Tower
23:58 Scout Tower
24:15 Scout Tower
24:19 Guard Tower
24:20 Scout Tower
25:36 Guard Tower
25:42 Guard Tower
25:48 Scout Tower
25:48 Scout Tower
25:51 Guard Tower
26:27 Guard Tower
27:00 Guard Tower
27:38 Scout Tower
27:40 Scout Tower
28:28 Guard Tower
29:25 Guard Tower
» items
| Staff of Teleportation | 4 | |
| Staff of Sanctuary | 3 | |
| Boots of Speed | 3 | |
| Orb of Venom | 3 | |
| Scroll of Town Portal | 1 | |
14 total
MsClausPlusNine (
red | 113 APM | 3510 actions | 31:10)
5 Warden
2 Shadow Strike
3 Blink
3 Pandaren Brewmaster
2 Breath of Fire
1 Drunken Haze
» actions
| Assign group hotkey | 11 | |
| Basic commands | 4 | |
| Build / train | 78 | |
| Enter build submenu | 32 | |
| Enter hero's abilities submenu | 9 | |
| Give item / drop item | 1 | |
| Remove unit from queue | 2 | |
| Right click | 2506 | |
| Select / deselect | 404 | |
| Select group hotkey | 323 | |
| Use ability | 138 | |
3510 total
» units
» upgrades
| Ultravision | 1 | |
| Strength of the Wild | 3 | |
| Well Spring | 1 | |
| Nature's Blessing | 1 | |
| Reinforced Hides | 3 | |
9 total
» buildings
| Moon Well | 25 | |
| Altar of Elders | 1 | |
| Hunter's Hall | 1 | |
| Ancient of Wonders | 3 | |
| Tree of Ages | 1 | |
| Tree of Eternity | 1 | |
| Tree of Life | 1 | |
| Ancient of Wind | 3 | |
36 total
» build order
00:20 Moon Well
00:31 Altar of Elders
01:40 Moon Well
02:04 Hunter's Hall
02:39 Moon Well
04:17 Moon Well
04:45 Moon Well
05:13 Moon Well
05:14 Moon Well
06:27 Ancient of Wonders
06:43 Tree of Ages
07:13 Moon Well
08:17 Moon Well
09:07 Tree of Eternity
09:25 Moon Well
09:30 Tree of Life
11:03 Ancient of Wind
11:05 Ancient of Wind
11:06 Ancient of Wind
11:43 Ancient of Wonders
14:51 Ancient of Wonders
16:28 Moon Well
16:29 Moon Well
16:31 Moon Well
16:31 Moon Well
16:32 Moon Well
16:42 Moon Well
16:43 Moon Well
16:43 Moon Well
16:44 Moon Well
16:45 Moon Well
16:45 Moon Well
24:13 Moon Well
24:13 Moon Well
24:14 Moon Well
24:15 Moon Well
» items
| Orb of Venom | 2 | |
| Staff of Sanctuary | 2 | |
| Lesser Clarity Potion | 1 | |
| Dust of Appearance | 1 | |
| Boots of Speed | 2 | |
| Potion of Invisibility | 1 | |
| Staff of Teleportation | 1 | |
10 total
timg4strok (
pink | 102 APM | 3191 actions | 31:10)
4 Archmage
2 Blizzard
2 Brilliance Aura
3 Mountain King
2 Storm Bolt
1 Bash
» actions
| Assign group hotkey | 10 | |
| Basic commands | 43 | |
| Build / train | 118 | |
| ESC pressed | 1 | |
| Enter build submenu | 84 | |
| Enter hero's abilities submenu | 7 | |
| Give item / drop item | 2 | |
| Right click | 1661 | |
| Select / deselect | 281 | |
| Select group hotkey | 780 | |
| Use ability | 204 | |
3191 total
» units
| Peasant | 17 | |
| Sorceress | 1 | |
| Dragonhawk Rider | 6 | |
24 total
» upgrades
| Masonry | 3 | |
| Magic Sentry | 1 | |
| Sorceress Training | 2 | |
| Animal War Training | 1 | |
| Armor | 3 | |
| Swords | 3 | |
| Cloud | 1 | |
14 total
» buildings
| Lumber Mill | 1 | |
| Altar of Kings | 1 | |
| Farm | 5 | |
| Scout Tower | 95 | |
| Arcane Tower | 6 | |
| Guard Tower | 46 | |
| Town Hall | 1 | |
| Keep | 1 | |
| Castle | 1 | |
| Arcane Sanctum | 1 | |
| Arcane Vault | 2 | |
| Barracks | 1 | |
| Gryphon Aviary | 1 | |
| Blacksmith | 1 | |
163 total
» build order
00:14 Lumber Mill
00:42 Altar of Kings
00:44 Farm
01:25 Scout Tower
01:32 Farm
01:50 Scout Tower
01:52 Arcane Tower
01:52 Arcane Tower
02:05 Scout Tower
02:23 Guard Tower
02:26 Scout Tower
02:44 Guard Tower
02:46 Scout Tower
03:00 Guard Tower
03:02 Scout Tower
03:05 Scout Tower
03:35 Guard Tower
03:41 Scout Tower
03:42 Guard Tower
03:44 Scout Tower
04:08 Scout Tower
04:37 Scout Tower
04:49 Farm
04:56 Town Hall
05:01 Guard Tower
05:06 Guard Tower
05:56 Scout Tower
05:57 Scout Tower
06:21 Keep
06:27 Guard Tower
06:30 Scout Tower
06:31 Scout Tower
07:04 Guard Tower
07:06 Scout Tower
07:06 Scout Tower
07:07 Scout Tower
07:07 Scout Tower
07:08 Scout Tower
07:41 Guard Tower
07:43 Scout Tower
07:44 Scout Tower
07:45 Scout Tower
07:46 Scout Tower
08:12 Guard Tower
08:43 Castle
08:46 Arcane Sanctum
08:54 Guard Tower
09:00 Arcane Vault
09:01 Arcane Vault
09:07 Scout Tower
09:07 Scout Tower
09:08 Scout Tower
09:08 Scout Tower
09:09 Scout Tower
09:09 Scout Tower
09:16 Arcane Tower
09:16 Guard Tower
09:18 Scout Tower
09:32 Guard Tower
09:34 Scout Tower
09:35 Scout Tower
09:37 Scout Tower
09:39 Scout Tower
09:47 Guard Tower
09:54 Scout Tower
09:55 Scout Tower
09:56 Scout Tower
09:57 Scout Tower
10:03 Guard Tower
10:06 Guard Tower
10:07 Guard Tower
11:09 Guard Tower
11:24 Scout Tower
11:25 Scout Tower
11:26 Scout Tower
11:36 Guard Tower
11:38 Guard Tower
11:40 Scout Tower
11:41 Scout Tower
11:58 Scout Tower
11:59 Scout Tower
11:59 Scout Tower
12:00 Scout Tower
12:09 Scout Tower
12:11 Guard Tower
12:59 Guard Tower
13:01 Scout Tower
13:01 Scout Tower
13:03 Scout Tower
13:06 Scout Tower
13:07 Scout Tower
13:07 Scout Tower
13:10 Barracks
13:13 Gryphon Aviary
13:14 Blacksmith
13:16 Guard Tower
13:18 Farm
13:18 Farm
13:32 Guard Tower
13:37 Scout Tower
13:37 Scout Tower
13:38 Scout Tower
14:25 Guard Tower
14:28 Scout Tower
14:29 Scout Tower
14:29 Scout Tower
14:30 Guard Tower
14:31 Scout Tower
14:32 Scout Tower
14:38 Scout Tower
14:53 Guard Tower
14:54 Scout Tower
14:55 Scout Tower
15:40 Guard Tower
15:41 Guard Tower
15:43 Guard Tower
15:47 Scout Tower
15:47 Scout Tower
15:49 Scout Tower
15:49 Scout Tower
15:52 Guard Tower
15:53 Scout Tower
15:54 Scout Tower
15:57 Scout Tower
15:58 Scout Tower
15:59 Guard Tower
16:28 Guard Tower
16:28 Arcane Tower
16:39 Scout Tower
16:39 Scout Tower
16:41 Scout Tower
16:44 Scout Tower
16:49 Guard Tower
16:51 Arcane Tower
16:55 Scout Tower
16:56 Scout Tower
16:57 Scout Tower
17:12 Guard Tower
17:55 Scout Tower
17:56 Scout Tower
17:58 Guard Tower
18:01 Scout Tower
18:02 Scout Tower
18:03 Scout Tower
18:04 Scout Tower
18:31 Guard Tower
18:35 Scout Tower
18:36 Scout Tower
18:42 Guard Tower
18:42 Guard Tower
18:52 Guard Tower
18:53 Scout Tower
18:55 Scout Tower
18:56 Scout Tower
18:56 Scout Tower
18:56 Scout Tower
19:53 Guard Tower
21:12 Guard Tower
21:15 Scout Tower
23:28 Arcane Tower
24:51 Guard Tower
» items
| Staff of Teleportation | 3 | |
| Boots of Speed | 2 | |
| Orb of Venom | 4 | |
| Staff of Sanctuary | 2 | |
11 total
Chat log
(00:01 / All) opfalan: go
(00:04 / All) Judenhack: penis in pizza
(02:04 / All) opfalan: how old r u
(02:08 / All) MsClausPlusNine: guess
(02:09 / All) timg4strok: 15
(02:19 / All) timg4strok: im 15 and i do ur mom every night
(02:23 / All) opfalan: nice!
(02:28 / All) opfalan: milf hunter?
(02:33 / All) opfalan: or gilf?
(31:01 / All) timg4strok: bye